 Dungeon Crawl Stone Soup version 0.18.1-48-g4cf74bf (webtiles) character file.

208895 nikopol the Severer (level 18, -6/166 HPs)
             Began as a Minotaur Berserker on Aug 29, 2016.
             Was the Champion of Trog.
             Shot with an arrow by a naga sharpshooter (15 damage)
             ... led by Vashnia
             ... on level 2 of the Snake Pit on Aug 30, 2016.
             The game lasted 02:29:31 (41577 turns).

nikopol the Severer (Minotaur Berserker)           Turns: 41577, Time: 02:29:32

Health: -6/166     AC: 25    Str: 25    XL:     18   Next: 14%
Magic:  17/17      EV: 18    Int:  4    God:    Trog [******]
Gold:   3528       SH:  0    Dex: 13    Spells: 0 memorised, 17 levels left

rFire  + . .     SeeInvis .     a - +9 executioner's axe of Vengeance {chop, rPois rF+}
rCold  . . .     Gourm    .     P - +0 pearl dragon armour
rNeg   + . .     Faith    .     (shield currently unavailable)
rPois  +         Spirit   .     (helmet restricted)
rElec  .         Dismiss  +     C - +2 cloak {rPois}
rCorr  .         Reflect  .     d - +1 pair of gloves
SustAt .         Harm     .     x - +1 pair of boots
MR     ++...     Clarity  +     t - amulet of dismissal
Stlth  ..........               Q - ring of protection from magic
                                Z - +2 ring of slaying

@: exhausted, starving, slowed, very slow, very resistant to hostile
enchantments, extremely unstealthy
A: retaliatory headbutt, horns 2, clarity, clumsy 1
a: Berserk, Trog's Hand, Brothers in Arms, Burn Spellbooks, Renounce Religion
}: 1/15 runes: decaying


You were on level 2 of the Snake Pit.
You worshipped Trog.
Trog was exalted by your worship.
You were starving.

You visited 5 branches of the dungeon, and saw 31 of its levels.
You also visited: Labyrinth.

You collected 3658 gold pieces.
You spent 130 gold pieces at shops.

Inventory:

Hand Weapons
 a - the +9 executioner's axe of Vengeance (weapon) {chop, rPois rF+}
   (Trog gifted it to you on level 8 of the Lair of Beasts)

   It inflicts extra damage upon your enemies.
   It protects you from fire.
   It protects you from poison.
 z - a +7 longbow of evasion
 T - a +6 antimagic battleaxe
Missiles
 j - 561 arrows (quivered)
Armour
 d - a +1 pair of gloves (worn)
 x - a +1 pair of boots (worn)
 C - a +2 cloak of poison resistance (worn)
 G - a +0 plate armour of magic resistance
 P - a +0 pearl dragon armour (worn)
Jewellery
 n - an uncursed ring of flight
 s - an uncursed ring of protection from fire
 t - an amulet of dismissal (around neck)
 y - an uncursed ring of magical power
 F - an uncursed ring of sustain attributes
 L - an uncursed ring of resist corrosion
 Q - a ring of protection from magic (right hand)
 Z - a +2 ring of slaying (left hand)
Wands
 b - a wand of disintegration (23/24)
 e - a wand of heal wounds (6/9)
 i - a wand of teleportation (7/9)
 D - a wand of digging (7/24)
Scrolls
 h - 10 scrolls of teleportation
 k - 3 scrolls of magic mapping
 v - 3 scrolls of recharging
 w - 10 scrolls of identify
 I - 6 scrolls of fog
 K - 2 scrolls of enchant armour
 N - 4 scrolls of fear
 R - 2 scrolls of summoning
 S - 14 scrolls of remove curse
 V - a scroll of blinking
Potions
 f - 4 potions of cancellation
 g - 7 potions of resistance
 l - 4 potions of flight
 p - 2 potions of magic
 q - 6 potions of berserk rage
 u - 14 potions of curing
 A - 3 potions of heal wounds
 B - 4 potions of brilliance
 H - 2 potions of ambrosia
 O - a potion of haste
 U - 4 potions of might
 Y - a potion of agility
Comestibles
 c - 14 bread rations
 m - 14 meat rations
 r - 31 fruits
 E - 2 beef jerkies
 W - 14 slices of pizza
 X - 26 royal jellies


   Skills:
 + Level 15.7 Fighting
 * Level 20.0 Axes
 * Level 19.5 Bows
 + Level 14.9 Armour
 + Level 14.4 Dodging


You had 17 spell levels left.
You didn't know any spells.

Dungeon Overview and Level Annotations

Branches:
Dungeon (15/15)            Temple (0/1) D:6            Lair (8/8) D:10
  Swamp (4/4) Lair:6        Snake (2/4) Lair:6        Slime (0/6) Lair:6
    Orc (2/2) D:10            Elf (0/3) Orc:2        Vaults (0/5) D:13
 Depths (0/5) D:15

Altars:
Ashenzari
Cheibriados
Dithmenos
Elyvilon
Fedhas
Gozag
Kikubaaqudgha
Okawaru
Qazlal
Ru
Sif Muna
Vehumet
Xom
Yredelemnul
Zin
Beogh

Shops:
D:6 (   D:10 ?   D:14 !   D:15 (   Orc:1 *   Orc:2 [(*=

Annotations:
Snake:2 Vashnia


Innate Abilities, Weirdness & Mutations

You reflexively headbutt those who attack you in melee.
You have a pair of horns on your head.
You possess an exceptional clarity of mind.
You are clumsy. (Dex -2)


Message History

Your amulet of dismissal vibrates suddenly!
The naga sharpshooter disappears!
j - 544 arrows (gained 1)
j - 546 arrows (gained 2)
j - 561 arrows (gained 15)
Things that are here:
a longbow; an uncursed dire flail; a naga corpse You see here an arrow.
Vashnia mumbles some strange words.
Vashnia magically shoots an arrow.
The arrow hits you!
* * * LOW HITPOINT WARNING * * *
The arrow burns you.
* * * LOW HITPOINT WARNING * * *
The naga sharpshooter casts a spell.
The naga sharpshooter magically shoots an arrow.
The arrow hits you.
* * * LOW HITPOINT WARNING * * *
You see here 2 arrows.
The naga sharpshooter shoots an arrow.
The arrow hits you!
You die...

####..##..#
..##..#...#
####...#..#
####..#...# #####
.).)..##..+ #.(.###
### .).'..##..+
###(#.(.####.....
..##...#..#
##...###(((.NN....
#.##..#...######).###
######NN...
############..##@##
N..
############..##(# .
#......(......##.#
#..........##..N.##
..########.###....##
#.# #.##N.##..### ..#
##.#..####.).### .##
#......#####...####
## ###.####..##
###....#


You could see a naga sharpshooter.

Vanquished Creatures
  Saint Roka (Snake:2)
  The ghost of Heedrag the Devastator, an adept DsFE of Vehumet (Swamp:3)
  7 thorn hunters
  The ghost of Britaniac the Executioner, an adept MiFi of Okawaru (Snake:1)
  The ghost of ThereIsNoGod the Severer, a journeyman MiGl of Makhleb (Orc:2)
  Donald (Swamp:3)
  Wiglaf (Snake:2)
  Maud (Lair:5)
  An orc warlord (Orc:2)
  The ghost of ceb the Blocker, a journeyman DDFi of Makhleb (Lair:4)
  A minotaur (Lab)
  A fire dragon (Lair:8)
  27 hydras
  8 naga warriors
  Harold (Lair:2)
  6 anacondas
  Erolcha (D:8)
  2 centaur warriors
  A death knight (D:14)
  10 alligators
  3 death yaks (Lair:8)
  An ogre mage (D:13)
  2 tengu warriors (D:15)
  5 orc high priests (Orc:2)
  Urug (Lair:2)
  5 naga sharpshooters
  7 shock serpents
  Sonja (Lair:1)
  A fire crab (shapeshifter) (D:14)
  A salamander mystic (Snake:2)
  A skeletal warrior (D:14)
  4 spriggan druids
  5 shambling mangroves
  11 swamp dragons
  6 deep elf magi
  4 hill giants
  4 unseen horrors
  A phantasmal warrior (D:14)
  A lindwurm (Lair:6)
  A necromancer (D:15)
  5 orc knights
  3 mana vipers
  8 ugly things
  4 oklob plants
  6 salamanders
  6 orc sorcerers
  2 manticores
  2 griffons
  2 cyclopes
  Maurice (Orc:2)
  An ice statue (D:8)
  11 naga magi
  6 gargoyles
  3 guardian serpents (Snake:2)
  15 black mambas
  Psyche (D:10)
  8 elephants
  18 spiny frogs
  10 centaur skeletons
  2 torpor snails
  10 rime drakes
  10 komodo dragons
  A freezing wraith (D:14)
  A harpy zombie (D:15)
  A queen bee (D:9)
  8 polar bears (Lair:8)
  A minotaur zombie (Lab)
  A tengu conjurer (D:13)
  9 trolls
  5 two-headed ogres
  4 raiju (Lair:8)
  8 giant leeches
  5 bog bodies
  3 slime creatures (Lair:6)
  31 blink frogs
  2 shadows
  A centaur simulacrum (D:14)
  2 wraiths (D:14)
  11 spriggans
  5 wyverns
  15 hippogriffs
  2 hungry ghosts
  12 basilisks
  73 yaks
  2 steam dragons
  21 vampire mosquitoes
  19 nagas
  8 wargs
  5 mottled dragons
  5 insubstantial wisps (Swamp:2)
  22 swamp worms
  22 water moccasins
  11 porcupines
  7 hell hounds
  11 swamp drakes
  14 black bears
  4 ice beasts
  3 sky beasts
  An eye of draining (D:13)
  36 orc warriors
  21 wasps
  15 ogres
  3 necrophages (D:14)
  4 phantoms
  14 wolves
  5 centaurs
  14 crocodiles
  3 big kobolds (D:10)
  Blork the orc (D:4)
  23 giant frogs
  6 scorpions
  A water moccasin skeleton (D:7)
  38 killer bees
  6 wights
  9 howler monkeys
  2 electric eels
  3 crimson imps
  2 giant frog zombies
  4 centaur zombies
  5 human zombies (D:14)
  19 hounds
  4 giant frog skeletons
  18 orc priests
  11 iguanas
  7 jellies
  30 orc wizards
  A human skeleton (D:14)
  Jessica (D:3)
  Terence (D:2)
  Natasha (thrice) (D:2)
  8 worker ants
  33 sheep
  2 hound zombies
  2 hound skeletons
  A mummy (D:14)
  A worker ant zombie (D:10)
  Robin (D:2)
  17 gnolls
  A howler monkey skeleton (D:5)
  8 adders
  49 river rats
  A shadow imp (D:13)
  An adder zombie (D:8)
  2 worms (D:2)
  A dart slug (D:2)
  3 giant geckos
  101 orcs
  5 bats
  7 giant cockroaches
  18 goblins
  10 hobgoblins
  21 jackals
  9 kobolds
  2 quokkas
  2 ball pythons
  A giant gecko skeleton (D:8)
  5 giant newts
  An orc zombie (D:14)
  A quokka skeleton (D:8)
  5 rats
  16 fungi
  11 plants
1285 creatures vanquished.

Vanquished Creatures (collateral kills)
  A hydra (Lair:6)
  A manticore (Lair:6)
  A rime drake (Lair:6)
  A wyvern (Lair:6)
  A basilisk (Lair:6)
  A hippogriff (Lair:6)
6 creatures vanquished.

Vanquished Creatures (others)
  A hydra (Swamp:3)
  A naga sharpshooter (Snake:2)
  A guardian serpent (Snake:2)
  A crimson imp (D:5)
  2 worker ants (D:5)
  An orc (D:10)
  4 briar patches (Swamp:3)
  31 fungi
  28 plants
70 creatures vanquished.

Grand Total: 1361 creatures vanquished

Notes
Turn   | Place    | Note
--------------------------------------------------------------
     0 | D:1      | nikopol the Minotaur Berserker began the quest for the Orb.
     0 | D:1      | Reached XP level 1. HP: 19/19 MP: 0/0
   263 | D:1      | Reached XP level 2. HP: 25/27 MP: 1/1
   437 | D:1      | Reached ** piety under Trog
   516 | D:2      | Noticed Robin
   519 | D:2      | Noticed Terence
   520 | D:2      | Reached XP level 3. HP: 28/33 MP: 2/2
   526 | D:2      | Killed Robin
   526 | D:2      | Reached skill level 4 in Axes
   529 | D:2      | Killed Terence
   529 | D:2      | Reached XP level 4. HP: 40/40 MP: 3/3
   561 | D:2      | Noticed Natasha
   566 | D:2      | Killed Natasha
   637 | D:2      | Noticed Natasha
   646 | D:2      | Killed Natasha
   816 | D:2      | Reached XP level 5. HP: 47/47 MP: 4/4
   844 | D:2      | Reached *** piety under Trog
  1236 | D:2      | Found a basalt altar of Yredelemnul.
  1256 | D:2      | Noticed Natasha
  1269 | D:2      | Killed Natasha
  1269 | D:2      | Reached skill level 5 in Fighting
  1731 | D:3      | Reached XP level 6. HP: 54/56 MP: 5/5
  1750 | D:3      | Found a faded altar to an unknown god.
  1916 | D:3      | Reached skill level 5 in Axes
  2117 | D:3      | Noticed Jessica
  2119 | D:3      | Killed Jessica
  2307 | D:3      | Found a deep blue altar of Sif Muna.
  2457 | D:4      | Reached **** piety under Trog
  2557 | D:4      | Noticed Blork the orc
  2568 | D:4      | Reached skill level 5 in Armour
  2574 | D:4      | Reached XP level 7. HP: 12/62 MP: 6/6
  2880 | D:4      | Reached skill level 5 in Dodging
  2895 | D:4      | Killed Blork the orc
  3091 | D:4      | Found an opulent altar of Gozag.
  3092 | D:4      | Found an ancient bone altar of Kikubaaqudgha.
  3258 | D:5      | Entered Level 5 of the Dungeon
  3260 | D:5      | Found a shimmering altar of Xom.
  3261 | D:5      | Found a shattered altar of Ashenzari.
  3263 | D:5      | Found a glowing silver altar of Zin.
  3266 | D:5      | Found a shadowy altar of Dithmenos.
  3267 | D:5      | Found a radiant altar of Vehumet.
  3443 | D:5      | Reached skill level 6 in Axes
  3528 | D:5      | Reached XP level 8. HP: 71/71 MP: 7/7
  3820 | D:5      | Found a shimmering altar of Xom.
  4150 | D:6      | Found a sacrificial altar of Ru.
  4167 | D:6      | Reached ***** piety under Trog
  4168 | D:6      | Reached skill level 7 in Axes
  4804 | D:6      | Found a staircase to the Ecumenical Temple.
  4804 | D:6      | Found Leqiq's Weapon Emporium.
  5161 | D:6      | Reached XP level 9. HP: 78/81 MP: 8/8
  5179 | D:7      | Found a white marble altar of Elyvilon.
  5242 | D:7      | Reached skill level 1 in Bows
  5319 | D:7      | Reached skill level 8 in Axes
  5763 | D:7      | Found a snail-covered altar of Cheibriados.
  6060 | D:8      | Found a blossoming altar of Fedhas.
  6065 | D:8      | Found a stormy altar of Qazlal.
  6407 | D:8      | Noticed Erolcha
  6414 | D:8      | Killed Erolcha
  6414 | D:8      | Reached skill level 9 in Axes
  6688 | D:8      | Noticed an ice statue
  6702 | D:8      | Killed an ice statue
  6702 | D:8      | Reached skill level 5 in Bows
  6702 | D:8      | Reached XP level 10. HP: 90/90 MP: 9/9
  6720 | D:8      | Got an ichor-stained lajatang
  6722 | D:8      | Got a pitted double sword
  6731 | D:8      | Identified the +6 double sword of Defiance {venom, rN++ MP-9 Int+3} (You found it on level 8 of the Dungeon)
  6732 | D:8      | Identified the +9 lajatang of Cataclysm {freeze, *Drain +Rage +Inv Dex+4} (You found it on level 8 of the Dungeon)
  8035 | D:9      | Got an ichor-stained whip
  8036 | D:9      | Identified the +3 whip of Iqarul {slash, rPois Str+3 Stlth+} (You found it on level 9 of the Dungeon)
  8076 | D:9      | Received a gift from Trog
  8095 | D:9      | Reached skill level 10 in Axes
  8865 | D:10     | Entered Level 10 of the Dungeon
  9072 | D:10     | Noticed a hill giant
  9082 | D:10     | Killed a hill giant
  9082 | D:10     | Reached XP level 11. HP: 64/97 MP: 10/10
  9315 | D:10     | Found a roughly hewn altar of Beogh.
  9330 | D:10     | Received a gift from Trog
  9728 | D:10     | Reached skill level 11 in Axes
  9826 | D:10     | Noticed Psyche
  9834 | D:10     | Killed Psyche
  9854 | D:10     | Found a staircase to the Orcish Mines.
 10345 | D:10     | Found Teorphaoq's Magic Scroll Shop.
 10348 | D:10     | Bought a scroll of identify for 26 gold pieces
 10348 | D:10     | Bought a scroll of identify for 26 gold pieces
 10348 | D:10     | Bought a scroll of identify for 26 gold pieces
 10348 | D:10     | Bought a scroll of identify for 26 gold pieces
 10348 | D:10     | Bought a scroll of identify for 26 gold pieces
 10357 | D:10     | Gained mutation: You possess an exceptional clarity of mind. [potion of beneficial mutation]
 10442 | D:10     | Noticed a two-headed hydra
 10816 | D:10     | Killed an eight-headed hydra
 11013 | D:10     | Noticed a hill giant
 11021 | D:10     | Killed a hill giant
 11036 | D:10     | Found a staircase to the Lair.
 11185 | D:10     | Killed an unseen horror
 11185 | D:10     | Reached skill level 10 in Fighting
 11508 | Lair:1   | Entered Level 1 of the Lair of Beasts
 11595 | Lair:1   | Reached skill level 10 in Armour
 11599 | Lair:1   | Received a gift from Trog
 11800 | Lair:1   | Noticed Sonja
 11819 | Lair:1   | Killed Sonja
 12147 | Lair:1   | Reached skill level 12 in Axes
 12217 | Lair:1   | Noticed an oklob plant
 12222 | Lair:1   | Killed an oklob plant
 12369 | Lair:1   | Noticed an oklob plant
 12369 | Lair:1   | Noticed an oklob plant
 12378 | Lair:1   | Killed an oklob plant
 12888 | Lair:1   | Killed an oklob plant
 13259 | Lair:2   | Noticed Harold
 13269 | Lair:2   | Killed Harold
 13269 | Lair:2   | Received a gift from Trog
 13269 | Lair:2   | Reached XP level 12. HP: 107/107 MP: 11/11
 13369 | Lair:2   | Noticed Urug
 13381 | Lair:2   | Killed Urug
 13381 | Lair:2   | Reached skill level 10 in Bows
 13518 | Lair:2   | Received a gift from Trog
 14047 | Lair:2   | Reached skill level 13 in Axes
 14398 | Lair:2   | Received a gift from Trog
 14405 | Lair:2   | Reached skill level 10 in Dodging
 15206 | Lair:3   | Got a slimy leather armour
 15217 | Lair:3   | Identified the +1 leather armour of the Hills {rF+ Int+6} (You found it on level 3 of the Lair of Beasts)
 15564 | Lair:4   | Noticed ceb's ghost (journeyman DDFi)
 15578 | Lair:4   | Killed ceb's ghost
 15961 | Lair:4   | Reached XP level 13. HP: 116/116 MP: 12/12
 16043 | Lair:4   | Reached ****** piety under Trog
 16429 | Lair:4   | Received a gift from Trog
 16948 | Lair:5   | Noticed Maud
 16965 | Lair:5   | Killed Maud
 16965 | Lair:5   | Reached skill level 14 in Axes
 18954 | Lair:6   | Found a staircase to the Slime Pits.
 18988 | Lair:6   | Found a staircase to the Swamp.
 19289 | Lair:6   | Received a gift from Trog
 19499 | Lair:6   | Found a staircase to the Snake Pit.
 20147 | Lair:6   | Reached XP level 14. HP: 116/126 MP: 13/13
 20445 | Lair:7   | Received a gift from Trog
 20599 | Lair:7   | Reached skill level 15 in Axes
 21637 | Lair:8   | Entered Level 8 of the Lair of Beasts
 21697 | Lair:8   | Received a gift from Trog
 22309 | Lair:8   | Received a gift from Trog
 22310 | Lair:8   | Got an encrusted executioner's axe {god gift}
 22311 | Lair:8   | Identified the +9 executioner's axe of Vengeance {chop, rPois rF+} (Trog gifted it to you on level 8 of the Lair of Beasts)
 23766 | Lair:8   | Received a gift from Trog
 23917 | Lair:8   | Received a gift from Trog
 24476 | Orc:1    | Entered Level 1 of the Orcish Mines
 24476 | Orc:1    | Found Yleseid's General Store.
 24489 | Orc:1    | Reached skill level 16 in Axes
 24752 | Orc:1    | Received a gift from Trog
 24958 | Orc:2    | Entered Level 2 of the Orcish Mines
 25005 | Orc:2    | Noticed Maurice
 25015 | Orc:2    | Killed Maurice
 25019 | Orc:2    | Reached XP level 15. HP: 102/135 MP: 14/14
 25019 | Orc:2    | Gained mutation: You are clumsy. (Dex -2) [a neqoxec]
 25021 | Orc:2    | Reached skill level 15 in Bows
 25027 | Orc:2    | Noticed ThereIsNoGod's ghost (journeyman MiGl)
 25413 | Orc:2    | Killed ThereIsNoGod's ghost
 25825 | Orc:2    | Found Ruconag's Jewellery Shop.
 25853 | Orc:2    | Noticed an orc warlord
 25857 | Orc:2    | Killed an orc warlord
 26063 | Orc:2    | Found Iphyhei's Antique Weapon Shop.
 26135 | Orc:2    | Found a staircase to the Elven Halls.
 26196 | Orc:2    | Found Mouzahov's General Store.
 26382 | Orc:2    | Found Emopn's Antique Armour Shoppe.
 26437 | Orc:2    | Received a gift from Trog
 26697 | Orc:1    | Received a gift from Trog
 27233 | D:11     | Received a gift from Trog
 28786 | D:13     | Found a gate to the Vaults.
 29631 | D:14     | Found an iron altar of Okawaru.
 29834 | D:14     | Reached skill level 17 in Axes
 30055 | D:14     | Found Xerilal's Distillery.
 30513 | D:14     | Received a gift from Trog
 30680 | D:14     | Found an ancient bone altar of Kikubaaqudgha.
 30788 | D:15     | Entered Level 15 of the Dungeon
 30848 | D:15     | Found Qivvehe's Antique Weapon Shop.
 30882 | D:15     | Received a gift from Trog
 30903 | D:15     | Found a labyrinth entrance.
 30912 | Lab      | Entered a labyrinth
 31343 | Lab      | Identified Raitsid's Reference Book on Ensnaring Stolen Souls
 31386 | Lab      | Got a bronze ring mail
 31400 | Lab      | Identified the +5 ring mail of the Bulwark {Str+2} (You found it in a labyrinth)
 31590 | D:15     | Received a gift from Trog
 31937 | D:15     | Reached XP level 16. HP: 142/146 MP: 15/15
 32263 | D:15     | Found a staircase to the Depths.
 32630 | Swamp:1  | Entered Level 1 of the Swamp
 33652 | Swamp:2  | Noticed a thorn hunter
 33668 | Swamp:2  | Killed a thorn hunter
 34302 | Swamp:2  | Received a gift from Trog
 34968 | Swamp:2  | Received a gift from Trog
 34968 | Swamp:2  | Reached skill level 18 in Axes
 35002 | Swamp:3  | Noticed Heedrag's ghost (adept DsFE)
 35017 | Swamp:3  | Killed Heedrag's ghost
 35294 | Swamp:3  | Noticed a thorn hunter
 35305 | Swamp:3  | Killed a thorn hunter
 35388 | Swamp:3  | Noticed Donald
 35402 | Swamp:3  | Killed Donald
 35628 | Swamp:3  | Noticed a thorn hunter
 35660 | Swamp:3  | Killed a thorn hunter
 35664 | Swamp:3  | Noticed a thorn hunter
 35678 | Swamp:3  | Killed a thorn hunter
 36184 | Swamp:4  | Entered Level 4 of the Swamp
 36184 | Swamp:4  | Noticed a thorn hunter
 36233 | Swamp:4  | Received a gift from Trog
 36240 | Swamp:4  | Killed a thorn hunter
 36768 | Swamp:4  | Reached XP level 17. HP: 154/154 MP: 16/16
 36777 | Swamp:4  | Reached skill level 15 in Fighting
 37375 | Swamp:4  | Received a gift from Trog
 37394 | Swamp:4  | Reached skill level 19 in Axes
 37578 | Swamp:4  | Got a decaying rune of Zot
 38241 | Snake:1  | Entered Level 1 of the Snake Pit
 39030 | Snake:1  | Noticed Britaniac's ghost (adept MiFi)
 39049 | Snake:1  | Killed Britaniac's ghost
 39557 | Snake:1  | Received a gift from Trog
 39884 | Snake:2  | Found a deep blue altar of Sif Muna.
 39893 | Snake:2  | Received a gift from Trog
 40542 | Snake:2  | Noticed Wiglaf
 40556 | Snake:2  | Killed Wiglaf
 40559 | Snake:2  | Received a gift from Trog
 40913 | Snake:2  | Reached XP level 18. HP: 159/163 MP: 17/17
 40940 | Snake:2  | Noticed Saint Roka
 40950 | Snake:2  | Killed Saint Roka
 40950 | Snake:2  | Received a gift from Trog
 40954 | Snake:2  | Reached skill level 20 in Axes
 41526 | Snake:2  | Noticed Vashnia
 41577 | Snake:2  | Shot with an arrow by a naga sharpshooter

Skill      XL: |  1  2  3  4  5  6  7  8  9 10 11 12 13 14 15 16 17 18 |
---------------+-------------------------------------------------------+-----
Fighting       | 4 5 6 8 9 10 11 12 13 14 15 | 15.7
Armour         | 3 4 5 7 8 9 10 11 12 13 14 | 14.9
Axes           | 4 5 6 7 9 10 12 13 14 16 17 18 19 20 | 20.0
Dodging        | 3 4 5 6 7 8 9 10 11 12 13 14 | 14.4
Bows           | 5 7 9 11 13 14 17 18 19 | 19.5

Action                   |  1- 3 |  4- 6 |  7- 9 | 10-12 | 13-15 | 16-18 || total
-------------------------+-------+-------+-------+-------+-------+-------++-------
Melee: Hand axe          |    57 |   172 |    23 |       |       |       ||   252
       Headbutt          |     8 |    27 |    37 |    78 |   133 |    84 ||   367
       War axe           |       |       |   195 |   112 |       |       ||   307
       Battleaxe         |       |       |       |   247 |   243 |       ||   490
       Longbow           |       |       |       |     1 |       |       ||     1
       Executioner's axe |       |       |       |       |   384 |   386 ||   770
 Fire: Shortbow          |       |       |    72 |    65 |       |       ||   137
       Longbow           |       |       |       |   242 |   807 |   648 ||  1697
Invok: Berserk           |     1 |     2 |     2 |     6 |     2 |    10 ||    23
       Burn Spellbooks   |       |       |     1 |     1 |     5 |       ||     7
       Trog's Hand       |       |       |       |     2 |       |     1 ||     3
       Brothers in Arms  |       |       |       |       |     1 |       ||     1
Evoke: Wand              |       |       |       |       |     3 |       ||     3
  Use: Scroll            |       |       |     9 |    14 |    24 |     5 ||    52
       Potion            |       |       |     1 |     3 |     1 |     4 ||     9
 Stab: Paralysed         |       |       |     1 |       |       |       ||     1
       Confused          |       |       |       |     1 |       |       ||     1
       Distracted        |       |       |       |       |       |     1 ||     1
  Eat: Chunk             |       |     7 |    16 |    32 |    49 |    31 ||   135
       Beef jerky        |       |       |       |     2 |     3 |     3 ||     8
       Fruit             |       |       |       |       |       |     4 ||     4
Armor: Scale mail        |    31 |    69 |    72 |   143 |       |       ||   315
       Pearl dragon armo |       |       |       |    13 |   459 |   329 ||   801
       Plate armour      |       |       |       |       |     2 |       ||     2
Dodge: Dodged            |    40 |    92 |   145 |   349 |   583 |   512 ||  1721
